 Dungeon Crawl Stone Soup version 0.24.0-10-g970556be89 (webtiles) character file.

Game seed: 16590921117441113281, levelgen mode: deterministic

176 Inarius the Grave Robber (level 5, -3/36 HPs)
             Began as a Mummy Necromancer on Nov 4, 2019.
             Slain by Crazy Yiuf
             ... wielding a +4 quarterstaff of chaos
              (6 damage)
             ... on level 2 of the Dungeon.
             The game lasted 00:05:05 (2296 turns).

Inarius the Grave Robber (Mummy Necromancer)        Turns: 2296, Time: 00:05:07

Health: -3/36      AC:  5    Str: 12    XL:     5   Next: 30%
Magic:  3/11       EV: 12    Int: 15    God:
Gold:   58         SH:  0    Dex: 12    Spells: 8/12 levels left

rFire    x . .     SeeInvis .   j - +0 trident (protect)
rCold    + . .     Gourm    .   (no shield)
rNeg     + + +     Faith    .   b - +0 leather armour
rPois    ∞         Spirit   .   m - +0 helmet
rElec    .         Reflect  .   (no cloak)
rCorr    .         Harm     .   i - +0 pair of gloves
MR       .....                  (no boots)
Stlth    +.........             d - amulet of the acrobat
HPRegen  0.12/turn              (no ring)
MPRegen  0.12/turn              (no ring)

@: slowed, very slow
A: no food or potions, fire vulnerability, cold resistance 1, negative energy
resistance 3, torment resistance, unbreathing
a: no special abilities


You were on level 2 of the Dungeon.
You were not hungry.

You visited 1 branch of the dungeon, and saw 2 of its levels.

You collected 58 gold pieces.

Inventory:

Hand Weapons
 c - a +0 short sword
 j - a +0 trident of protection (weapon)
Missiles
 k - 3 boomerangs (quivered)
Armour
 a - a +0 robe
 b - a +0 leather armour (worn)
 i - a +0 pair of gloves (worn)
 l - a +0 ring mail
 m - a +0 helmet (worn)
Jewellery
 d - an amulet of the acrobat (around neck)
Scrolls
 e - a scroll of enchant armour {unknown}
 f - 7 scrolls of identify {unknown}
 g - 3 scrolls of teleportation {unknown}
 h - a scroll of amnesia {unknown}


   Skills:
 + Level 0.4 Fighting
 + Level 0.4 Short Blades
 + Level 0.1 Armour
 + Level 1.8 Dodging
 - Level 1.5 Stealth
 + Level 4.3 Spellcasting
 * Level 5.6 Necromancy


You had 8 spell levels left.
You knew the following spells:

 Your Spells              Type           Power        Failure   Level  Hunger
a - Pain                  Necr           ###.         2%          1    N/A
b - Vampiric Draining     Necr           ###.......   7%          3    N/A

Your spell library contained the following spells:

 Spells                   Type           Power        Failure   Level  Hunger
 Animate Skeleton         Necr           N/A          2%          1    N/A
 Animate Dead             Necr           N/A          22%         4    N/A
 Regeneration             Chrm/Necr      Unusable     N/A         3    N/A

Dungeon Overview and Level Annotations

Branches:
Dungeon (2/15)

Altars:

Annotations:
D:2 Crazy Yiuf


Innate Abilities, Weirdness & Mutations

You do not eat or drink.
Your flesh is vulnerable to fire.
You are immune to poison.
Your flesh is cold resistant. (rC+)
You are immune to negative energy. (rN+++)
You are immune to unholy pain and torment.
You can survive without breathing.


Message History

Confirm with . or Enter, or press ? or * to list all spells.
Aiming: Vampiric Draining (safe; 7% risk of failure)
Press: ? - help, Shift-Dir - straight line, f/p - Crazy Yiuf
Aim: Crazy Yiuf, wielding a +4 quarterstaff of chaos and wearing a +0 cloak (heavily wounded) Crazy Yiuf is severely wounded.
You feel life coursing into your body.
Crazy Yiuf hits you with a +4 quarterstaff of chaos.
* * * LOW HITPOINT WARNING * * *
You feel yourself slow down.
Crazy Yiuf waves his quarterstaff at you.
Crazy Yiuf closely misses you.
There is a stone staircase leading up here.
Crazy Yiuf misses you.
You closely miss Crazy Yiuf.
Crazy Yiuf is heavily wounded.
Crazy Yiuf closely misses you.
Crazy Yiuf hits you with a +4 quarterstaff of chaos!
* * * LOW HITPOINT WARNING * * *
Crazy Yiuf burns you.
You die...

#..........# #....#
### ############
#....# #.. #.....#
########.#
#.###.#########..!...
#.# #........##......
#.# ########.##......
#.# #.######.#
#.##### #.........
#...@.#############.#
#####g......# #..
#<......# ### #####
#.......# #)..#
#..###### #...# #..#
#...# #..# #'# #..#
#.## #..#


You could see Crazy Yiuf.

Vanquished Creatures
  An orc priest (D:2)
  Terence (D:2)
  Robin (D:2)
  4 adders
  2 oozes (D:1)
  An adder zombie (D:1)
  2 dart slugs (D:2)
  3 leopard geckos
  2 orcs
  5 bats
  3 giant cockroaches
  13 goblins
  6 hobgoblins
  A ball python (D:2)
  A ball python zombie (D:1)
  A frilled lizard (D:1)
  2 kobolds
  5 rats
54 creatures vanquished.

Notes
Turn   | Place    | Note
-------+----------+-------------------------------------------
     0 | D:1      | Inarius the Mummy Necromancer began the quest for the Orb.
     0 | D:1      | Reached XP level 1. HP: 13/13 MP: 4/4
   349 | D:1      | Reached XP level 2. HP: 19/19 MP: 3/5
  1096 | D:2      | Noticed Terence
  1096 | D:2      | Noticed a phantom
  1108 | D:1      | Reached XP level 3. HP: 17/24 MP: 0/7
  1113 | D:1      | Learned a level 3 spell: Vampiric Draining
  1260 | D:2      | Reached skill level 5 in Necromancy
  1260 | D:2      | Reached XP level 4. HP: 18/30 MP: 1/9
  1480 | D:2      | Killed Terence
  1635 | D:2      | Noticed Robin
  1816 | D:2      | Killed Robin
  1822 | D:2      | Reached XP level 5. HP: 34/35 MP: 5/11
  2196 | D:2      | Found a runed translucent door.
  2197 | D:2      | Noticed Crazy Yiuf
  2296 | D:2      | Slain by Crazy Yiuf

Levels and vault maps discovered:
D:1:      saegor_arrival_fortress, layout_basic, hangedman_decor_push
D:2:      cheibrodos_old_hovel, layout_basic, uniq_terence,
          uniq_crazy_yiuf_cottage, uniq_robin

Skill      XL: |  1  2  3  4 |
---------------+-------------+-----
Spellcasting   | 3 4 |  4.3
Necromancy     | 5 |  5.6
Fighting       | |  0.4
Short Blades   | |  0.4
Armour         | |  0.1
Dodging        | |  1.8
Stealth        | |  1.5

Action                   |  1- 3 |  4- 6 || total
-------------------------+-------+-------++-------
Melee: Unarmed           |     4 |       ||     4
       Short sword       |    22 |     8 ||    30
       Trident           |       |    94 ||    94
 Cast: Pain              |    35 |    23 ||    58
       Vampiric Draining |       |    12 ||    12
 Stab: Sleeping          |       |     1 ||     1
Armor: Robe              |    11 |     6 ||    17
       Leather armour    |       |    30 ||    30
Dodge: Dodged            |    33 |    85 ||   118
